 Dungeon Crawl Stone Soup version 0.30-a0-847-g17996783a1 (webtiles) character file.

Game seed: 14898457117100013620

11 holysushi the Trooper (level 2, 24/24 HPs)
             Began as a Demonspawn Monk on Mar 3, 2023.
             Was a Believer of Okawaru.
             Quit the game on level 1 of the Dungeon.
             The game lasted 00:00:39 (751 turns).

holysushi the Trooper (Demonspawn Monk)              Turns: 751, Time: 00:00:40

Health: 24/24      AC:  2    Str: 11    XL:     2   Next: 17%
Magic:  3/3        EV: 12    Int: 11    God:    Okawaru [**....]
Gold:   49         SH:  0    Dex: 15    Spells: 1/1 levels left

rFire   . . .      SeeInvis .    a - +0 short sword
rCold   . . .      Faith    .    (no shield)
rNeg    . . .      Spirit   .    b - +0 robe
rPois   .          Reflect  .    (no helmet)
rElec   .          Rampage  .    (no cloak)
rCorr   .                        (no gloves)
Will    .....                    (no boots)
Stlth   ++                       (no amulet)
HPRegen 0.24/turn                (no ring)
MPRegen 0.08/turn                (no ring)

@: no status effects
A: demonic magic 1
a: Renounce Religion, Heroism


You were on level 1 of the Dungeon.
You worshipped Okawaru.
Okawaru was pleased with you.
You visited 1 branch of the dungeon, and saw 1 of its levels.

You collected 49 gold pieces.

Inventory:

Hand Weapons
 a - a +0 short sword (weapon)
Armour
 b - a +0 robe (worn)
Scrolls
 d - 2 scrolls of identify {unknown}
 i - 2 scrolls of fear {unknown}
 j - a scroll of noise {unknown}
Potions
 c - a potion of ambrosia
 e - 2 potions of brilliance {unknown}
 f - a potion of curing {unknown}
 g - a potion of degeneration {unknown}
 h - a potion of attraction {unknown}


   Skills:
 - Level 3.0 Fighting
 + Level 3.0 Short Blades
 - Level 2.6 Dodging
 - Level 1.7 Stealth
 + Level 1.7 Invocations


You had one spell level left.
You didn't know any spells.
Your spell library was empty.

Dungeon Overview and Level Annotations

Branches:
Dungeon (1/15) Zot: 5257

Altars:
Okawaru


Innate Abilities, Weirdness & Mutations

Spells you cast may paralyse adjacent enemies.


Message History

A frilled lizard is nearby!
You closely miss the frilled lizard. The frilled lizard misses you.
A frilled lizard is nearby!
You barely miss the frilled lizard.
You hit the frilled lizard but do no damage.
The frilled lizard bites you.
You barely miss the frilled lizard. The frilled lizard closely misses you.
You closely miss the frilled lizard.
The frilled lizard completely misses you.
You closely miss the frilled lizard. The frilled lizard closely misses you.
You closely miss the frilled lizard.
The frilled lizard bites you but does no damage.
You hit the frilled lizard.
You kill the frilled lizard!
Okawaru accepts your kill.
Key pressed, stopping explore.
No target in view!
Key pressed, stopping explore.
No target in view!
Found a spear.
No target in view!
You see here a +0 spear.
Things that are here:
a +0 dagger; a jackal skeleton; a goblin skeleton
Found a helmet.
No target in view!
You see here a +0 helmet.
Found an escape hatch in the floor.
No target in view!
You now have 49 gold pieces (gained 16).
There is an escape hatch in the floor here.
e - 2 fizzy ruby potions (gained 1)
You see here a staff of air.
Found 4 stones.
Key pressed, stopping explore.
No target in view!
Done exploring.
No target in view!
No target in view!
Are you sure you want to abandon this character and quit the game? (Confirm with "yes".)

#.# #..#...#.###.#.......###.###
#.####..#.#.#.#†#.#.........#.#..
............#.###.#.....###.#'#.#
..#####.#.###.....#####.....8.8..
.....##.#.# #..<..# ####.......
.###.##.#.###.....# ####.##. .#
#........######## #)...
.######.........##.# ####.
.##.............@(.# #.
.##.#########.###### #. .##.# #.#
#. .##.# #.# #. .##.# #.# #.
.##.# #.# ##. .##.# #.# #.. .##.#
#.# ##. .##.# #.# ##


There were no monsters in sight!

Vanquished Creatures
  An endoplasm (D:1)
  3 jackals (D:1)
  3 frilled lizards (D:1)
  3 goblins (D:1)
  A rat (D:1)
11 creatures vanquished.

Notes
Turn   | Place    | Note
-------+----------+-------------------------------------------
     0 | D:1      | holysushi the Demonspawn Monk began the quest for the Orb.
     0 | D:1      | Reached XP level 1. HP: 18/18 MP: 1/1
   110 | D:1      | Found a faded altar of an unknown god.
   136 | D:1      | Prayed at the altar of an unknown god.
   136 | D:1      | Became a worshipper of Warmaster Okawaru
   136 | D:1      | Reached * piety under Okawaru
   136 | D:1      | Reached ** piety under Okawaru
   245 | D:1      | Reached skill level 1 in Invocations
   263 | D:1      | Gained mutation: Spells you cast may paralyse adjacent
                  | enemies. [demonic ancestry]
   263 | D:1      | Reached XP level 2. HP: 8/24 MP: 1/3
   751 | D:1      | Quit the game

Illustrated notes

Levels and vault maps discovered:
D:1:      nicolae_arrival_memento_mori, layout_loops_ring,
          dreamdust_ecumenical_altar_angels_and_demons

Skill      XL: |  1 |
---------------+----+-----
Invocations    | 1 |  1.7
Short Blades   | 3 |  3.0
Fighting       | |  3.0
Dodging        | |  2.6
Stealth        | |  1.7

Action                     || total
---------------------------++-------
  Melee: Short sword       ||    53
   Stab: Sleeping          ||     1
 Armour: Robe              ||     7
  Dodge: Dodged            ||    26

Table legend: (Time is in decaauts)
 A = Elapsed time spent in this place.
 B = Non-inter-level travel time spent in this place.
 C = Inter-level travel time spent in this place.
 D = Time resting spent in this place.
 E = Time spent auto-exploring this place.
 F = Levels seen in this place.
 G = Mean time per level.
                   A        B        C        D        E       F      G
               +--------+--------+--------+--------+--------+-----+--------+
         Total |    743 |    743 |      0 |     23 |    595 |   1 |  743.0 |
       Dungeon |    743 |    743 |      0 |     23 |    595 |   1 |  743.0 |
               +--------+--------+--------+--------+--------+-----+--------+

Top non-repeatable levels by time:
     D:1: 743 daAuts
